[Event "*** Titled Tuesday Blitz"]
[Site "Chess.com"]
[Date "2020.03.03"]
[Round "5"]
[White "SARGISMV"]
[Black "Darhild"]
[Result "0-1"]
[WhiteElo "2450"]
[BlackElo "2684"]
[TimeControl "180+1"]
[EndTime "13:52:19 PST"]
[Termination "Darhild won by checkmate"]

1. Nf3 c5 2. c4 Nc6 3. Nc3 e5 4. g3 g6 5. Bg2 Bg7 6. O-O d6 7. a3 a5 8. Ne1 Be6 9. Nc2 Bxc4 10. Ne3 Be6 11. Ned5 Nge7 12. d3 Nxd5 13. Nxd5 O-O 14.
h4 Ne7 15. Nc3 d5 16. Bg5 f6 17. Bd2 Rc8 18. Qa4 b6 19. Rfc1 d4 20. Ne4 h6 21.
f4 f5 22. Nf2 exf4 23. Bxf4 Nd5 24. Nh3 Ne3 25. Bf3 Kh7 26. b4 Bd7 27. Qb3 a4 28.
Qb2 Bc6 29. bxc5 Bxf3 30. exf3 bxc5 31. Qb7 Qd5 32. Rab1 Qa2 33. Rb2 Rf7 34. Qb6 Qxa3 35. Rh2 Qxc1+ 36. Kf2 Qf1# 0-1

[Event "*** Titled Tuesday Blitz"]
[Site "Chess.com"]
[Date "2020.03.03"]
[Round "5"]
[White "ChessMavenYeti"]
[Black "ZWISCHENZUGGED"]
[Result "0-1"]
[WhiteElo "2238"]
[BlackElo "2548"]
[TimeControl "180+1"]
[EndTime "13:52:20 PST"]
[Termination "ZWISCHENZUGGED won by checkmate"]

1. d4 Nf6 2. Bf4 b6 3. Nc3 Bb7 4. Qd3 d5 5. Nf3 e6 6. Ne5 a6 7.
O-O-O Bd6 8. Qh3 Nbd7 9. e3 Qe7 10. f3 c5 11. g4 O-O-O 12. g5 Ne8 13. Be2 Nxe5 14. dxe5 Bc7 15. Rhg1 g6 16. Qf1 Ng7 17. Bxa6 Nf5 18. Nb5 Bxa6 19. Nd6+ Bxd6 20. Qxa6+ Qb7 21. Qxb7+ Kxb7 22. exd6 Nxd6 23. e4 Nc4 24. b3 Na5 25.
Be5 Rhe8 26. Rd2 Nc6 27. Bf6 Rd7 28. Rgd1 d4 29. f4 Na7 30. Rd3 Kc6 31. Rh3 Nb5 32.
Rxh7 Nc3 33. Re1 Nxa2+ 34. Kb2 Nb4 35. Rd1 Ra8 36. h4 Ra2+ 37. Kb1 Rda7 38. Bxd4 cxd4 39. Rxd4 Ra1+ 40. Kb2 R7a2+ 41. Kc3 Nxc2 42. Rc4+ Kb5 43. Rxf7 Rc1 44. h5 Na3+ 45. Kd3 Nxc4 46. bxc4+ Rxc4 47. hxg6 Ra3+ 48. Kd2 Rd4+ 49. Ke2 Rxe4+ 50. Kf2 Rb4 51. g7 Rb2+ 52. Kg1 Ra1# 0-1

[Event "*** Titled Tuesday Blitz"]
[Site "Chess.com"]
[Date "2020.03.03"]
[Round "5"]
[White "platy3"]
[Black "OparinGrigoriy"]
[Result "1-0"]
[WhiteElo "2869"]
[BlackElo "3007"]
[TimeControl "180+1"]
[EndTime "13:52:21 PST"]
[Termination "platy3 won by resignation"]

1. e4 e5 2. Nf3 Nc6 3. Bb5 a6 4. Ba4 Nf6 5. O-O Nxe4 6. d4 b5 7. Bb3 d5 8. dxe5 Be6 9. c3 Be7 10. Bc2 O-O 11. Nbd2 f5 12. exf6 Nxf6 13. Re1 Qd7 14.
a4 b4 15. a5 Bc5 16. Nb3 Ba7 17. Nbd4 Nxd4 18. Nxd4 Bg4 19. Qd3 c5 20. Ba4 Qc8 21. Nc6 c4 22. Ne7+ Kh8 23. Nxc8 cxd3 24. Nxa7 Rxa7 25.
f3 bxc3 26. bxc3 Bf5 27. Be3 Rc7 28. Bd4 h6 29. g4 Bg6 30. Re6 Kh7 31. h4 h5 32. g5 Ng8 33. Kg2 Ne7 34. Be5 Rb7 35. Bd6 Rb2+ 36. Kg1 Rxf3 37. Rxe7 Be4 38. Be8 Rff2 39. g6+ Kh8 40. Rf7 Rg2+ 41. Kf1 Rbf2+ 42. Rxf2 1-0

[Event "*** Titled Tuesday Blitz"]
[Site "Chess.com"]
[Date "2020.03.03"]
[Round "5"]
[White "Kobalia"]
[Black "superstructure"]
[Result "1-0"]
[WhiteElo "2633"]
[BlackElo "2424"]
[TimeControl "180+1"]
[EndTime "13:52:21 PST"]
[Termination "Kobalia won on time"]

1. e4 e5 2. Nf3 d6 3. d4 exd4 4.
Nxd4 Nf6 5. Nc3 Be7 6. Be2 O-O 7.
O-O Re8 8. f4 Bf8 9. Bf3 c5 10.
Nde2 Nc6 11. Kh1 Bg4 12. a3 Rb8 13. Qd3 a6 14. Be3 b5 15. Bf2 b4 16. Nd5 Bxf3 17. gxf3 Nxd5 18. Qxd5 Ne7 19. Qd3 a5 20. Rad1 d5 21. f5 Qb6 22. Bh4 c4 23. Qd4 dxe4 24.
fxe4 Nc6 25. Qxc4 Ne5 26. Qd5 Ng4 27. Qd3 bxa3 28. bxa3 Qb2 29. Rg1 Ne5 30. Qd5 Qxa3 31. Rg3 Qc5 32. Bf6 Qxd5 33. Rxd5 Nc4 34. Bxg7 Bxg7 35.
f6 Rb1+ 36. Kg2 Ne3+ 37. Rxe3 Bxf6 38. Rf3 1-0

[Event "*** Titled Tuesday Blitz"]
[Site "Chess.com"]
[Date "2020.03.03"]
[Round "5"]
[White "adricalderon8"]
[Black "RiskyDecision"]
[Result "1/2-1/2"]
[WhiteElo "2433"]
[BlackElo "2625"]
[TimeControl "180+1"]
[EndTime "13:52:22 PST"]
[Termination "Game drawn - insufficient material"]

1. e4 e6 2. d4 d5 3. Nc3 Nf6 4. e5 Nfd7 5. f4 c5 6. Nf3 Be7 7. Be3 b6 8. Qd2 Nc6 9. h4 cxd4 10. Nxd4 Nxd4 11. Bxd4 Bxh4+ 12. Bf2 Bxf2+ 13. Qxf2 Bb7 14.
Nb5 O-O 15. Nd6 Nc5 16. O-O-O Qe7 17. g4 Ne4 18. Qh2 h6 19. g5 Nxd6 20. gxh6 g6 21.
exd6 Qxd6 22. Qh4 Qd8 23. Qg4 Qf6 24. Bd3 Kh8 25. Rde1 a5 26. Rhg1 Ba6 27. Bxg6 fxg6 28.
Rxe6 Qxf4+ 29. Qxf4 Rxf4 30. Rgxg6 Rg8 31. Rxg8+ Kxg8 32. Rxb6 Be2 33. Kd2 Bh5 34. Rb5 Rf2+ 35. Kc3 Bg6 36.
Rxd5 Rxc2+ 37. Kb3 a4+ 38. Ka3 Rc4 39. b3 axb3 40.
axb3 Rh4 41. Rd6 Rxh6 42. b4 Kg7 43. Ka4 Rh1 44. b5 Ra1+ 45. Kb4 Rb1+ 46. Kc5 Be4 47. b6 Kf7 48. Rd4 Bh1 49. Rb4 Rc1+ 50. Kd6 Rc6+ 51. Kd7 Rc1 52. b7 Bxb7 53. Rxb7 Rd1+ 54. Kc6+ Ke6 55.
Rh7 Rc1+ 56. Kb5 Rb1+ 57. Kc4 Rc1+ 58. Kd3 Rc6 59. Kd4 Rd6+ 60. Ke4 Rc6 61. Rh6+ Kd7 62. Rh7+ Ke6 63. Rh6+ Kd7 64. Rxc6 Kxc6 1/2-1/2

[Event "*** Titled Tuesday Blitz"]
[Site "Chess.com"]
[Date "2020.03.03"]
[Round "5"]
[White "Karacsonyi_Gellert"]
[Black "GCamachoMartinez"]
[Result "0-1"]
[WhiteElo "2582"]
[BlackElo "2402"]
[TimeControl "180+1"]
[EndTime "13:52:22 PST"]
[Termination "GCamachoMartinez won by checkmate"]

1. e4 c5 2. Nf3 Nc6 3. d4 cxd4 4.
Nxd4 e5 5. Nb5 d6 6. c4 Be7 7. N1c3 a6 8. Na3 Be6 9. Nd5 Rc8 10. Be3 Bg5 11. Nc2 Bxe3 12. Ncxe3 Bxd5 13. Nxd5 Nf6 14. Bd3 Nxd5 15. exd5 Nd4 16. O-O O-O 17. f4 f5 18.
fxe5 dxe5 19. Kh1 Qd6 20. b3 a5 21. Qd2 b6 22. Rae1 Rce8 23. Qg5 e4 24. Bb1 Qc5 25. Rd1 e3 26. Rfe1 f4 27. Qh5 g6 28. Bxg6 Re7 29. Bd3 Rg7 30. Be4 Ne6 31. Qe2 Ng5 32. Bf3 Qd6 33. Rd4 Rf6 34. a3 Rh6 35. b4 axb4 36. axb4 Rgg6 37. c5 bxc5 38. bxc5 Qe5 39. Qc4 Nxf3 40. d6+ Kh8 41. h3 Qg5 42. Qf1 Qg3 43.
gxf3 Rxh3+ 44. Qxh3 Qxh3# 0-1

[Event "*** Titled Tuesday Blitz"]
[Site "Chess.com"]
[Date "2020.03.03"]
[Round "5"]
[White "Bad4life"]
[Black "albano87"]
[Result "1-0"]
[WhiteElo "2290"]
[BlackElo "1911"]
[TimeControl "180+1"]
[EndTime "13:52:23 PST"]
[Termination "Bad4life won by checkmate"]

1. e4 c6 2. Nc3 d5 3. Nf3 g6 4. Qe2 dxe4 5. Nxe4 Bg7 6. g3 Nf6 7. Nxf6+ Bxf6 8. Bg2 O-O 9. O-O Bf5 10. d3 Bg7 11.
Rb1 Nd7 12. Nh4 Be6 13. b3 Qa5 14. a4 Rfe8 15. Bb2 Bxb2 16. Rxb2 Qc3 17. Rbb1 Rad8 18. Nf3 Bd5 19. Rfc1 Nc5 20. Qe3 e5 21. a5 e4 22.
dxe4 Qxe3 23. fxe3 Nxe4 24. c4 Be6 25. Nd4 Bc8 26.
c5 Re5 27. b4 a6 28. Rb3 f5 29. Bf1 Nf6 30. Bc4+ Kg7 31. Rd1 Kf8 32. Ne6+ Bxe6 33. Rxd8+ Ke7 34. Rb8 Bxc4 35. Rxb7+ Ke6 36. Rc3 Bb5 37.
h3 Nd5 38. Rc1 Nxe3 39. Kf2 Nd5 40. Rxh7 Nxb4 41. Rd1 Nd3+ 42. Kf3 Ne1+ 43. Kf4 Re4+ 44. Kg5 Re3 45. Rd6+ Ke5 46. Re7# 1-0

[Event "*** Titled Tuesday Blitz"]
[Site "Chess.com"]
[Date "2020.03.03"]
[Round "5"]
[White "Astaneh"]
[Black "Mikasinski"]
[Result "0-1"]
[WhiteElo "2543"]
[BlackElo "2277"]
[TimeControl "180+1"]
[EndTime "13:52:25 PST"]
[Termination "Mikasinski won by resignation"]

1. e4 c5 2. Nc3 Nc6 3. Nf3 g6 4. Bc4 Bg7 5. O-O e6 6. Re1 Nge7 7.
a3 O-O 8. Ba2 b6 9. d3 h6 10.
Bf4 d5 11. Qd2 Kh7 12. exd5 exd5 13. Ne5 Be6 14. Nxc6 Nxc6 15. Nb5 Rc8 16. Rab1 Qd7 17. c4 Rcd8 18. Nc7 dxc4 19. Nxe6 fxe6 20. Bxc4 e5 21. Bg3 Qg4 22. Qe3 Nd4 23. h3 Qf5 24. Qe4 b5 25. Bd5 Rfe8 26. Rbc1 Qxe4 27. dxe4 c4 28. Kf1 a6 29. Rc3 Rf8 30. b3 Nxb3 31. a4 b4 32.
Rxc4 Nd2+ 33. Ke2 Nxc4 34. Bxc4 Rd4 35. Bd5 Rc8 36. Rb1 Rc2+ 37. Kf1 Rcd2 38. Ke1 a5 39.
Bh2 g5 40. Bg1 Rc2 41. Bb3 Rc3 42. f3 Rdd3 43. Bd1 Bf8 44. Bb6 Bc5 45. Bxa5 Ra3 46. Bc2 Rdc3 47. Kd1 Re3 48. Bxb4 Bxb4 49. Rxb4 Ra1+ 50.
Kd2 Ree1 51. a5 Rg1 52. Ba4 Rxg2+ 53. Kc3 Rga2 54. Kb3 Ra3+ 55. Kb2 Rxa4 56. Rb7+ Kg6 57. Rb6+ Kh5 0-1

[Event "*** Titled Tuesday Blitz"]
[Site "Chess.com"]
[Date "2020.03.03"]
[Round "5"]
[White "vova-79"]
[Black "CrushingKings"]
[Result "1-0"]
[WhiteElo "2548"]
[BlackElo "2202"]
[TimeControl "180+1"]
[EndTime "13:52:26 PST"]
[Termination "vova-79 won by resignation"]

1. d4 Nf6 2. c4 g6 3. Nc3 Bg7 4. Nf3 d6 5. g3 O-O 6. Bg2 Nbd7 7. O-O c5 8. b3 Rb8 9. Bb2 a6 10. Rc1 b5 11. dxc5 Nxc5 12. cxb5 axb5 13. Nd4 Bd7 14. b4 Ne6 15. Nc6 Bxc6 16. Bxc6 Ng4 17. Ba1 Nd4 18.
Bg2 Ne5 19. Kh1 Ne6 20. h3 Qd7 21. Qb3 Nc4 22. Rfd1 Nd4 23. Qb1 Rfc8 24. e3 Na3 25.
Qd3 Nc6 26. Ne4 Bxa1 27. Qxa3 Bg7 28. Nc5 Qf5 29. Nd3 Nd8 30. Rxc8 Rxc8 31. Qa7 Bf6 32. a4 bxa4 33. Qxa4 Rc3 34. Nf4 Ne6 35. Nd5 Rc2 36. Nxf6+ Qxf6 37. Qxc2 1-0

[Event "*** Titled Tuesday Blitz"]
[Site "Chess.com"]
[Date "2020.03.03"]
[Round "5"]
[White "MikaelyanArman"]
[Black "ural58"]
[Result "1-0"]
[WhiteElo "2626"]
[BlackElo "2405"]
[TimeControl "180+1"]
[EndTime "13:52:30 PST"]
[Termination "MikaelyanArman won on time"]

1. e4 d5 2. exd5 Qxd5 3. Nc3 Qa5 4. d4 Nf6 5. Bd2 Bg4 6. f3 Bd7 7. Bc4 Qb6 8. Nge2 e6 9. O-O a5 10. Kh1 Bd6 11. Ne4 Nc6 12. Bg5 Be7 13. Bxf6 gxf6 14. c3 f5 15. Nf2 O-O-O 16. Nd3 Rhg8 17. a3 Kb8 18. b4 Na7 19. Nc5 Bb5 20. Bxb5 Qxb5 21.
Rb1 Bxc5 22. bxc5 Qc4 23. Qd2 Nc6 24. Qb2 Qa6 25. Nf4 e5 26. dxe5 Nxe5 27. Rfe1 Nc4 28. Qe2 Ka7 29. a4 Rd2 30. Qe7 Rgd8 31. Qxc7 R8d7 32. Qc8 Qc6 33. Qf8 Rb2 34. Rxb2 Nxb2 35. h3 Qxa4 36. Re8 Ka6 37. Ra8+ Kb5 38. Qe8 Qd1+ 39.
Kh2 Kc4 40. Rxa5 Kb3 41. Qe5 1-0

[Event "*** Titled Tuesday Blitz"]
[Site "Chess.com"]
[Date "2020.03.03"]
[Round "5"]
[White "Hadza_3"]
[Black "NMZanette"]
[Result "1-0"]
[WhiteElo "2378"]
[BlackElo "2252"]
[TimeControl "180+1"]
[EndTime "13:52:30 PST"]
[Termination "Hadza_3 won by resignation"]

1. e4 e5 2. Nc3 Nf6 3. f4 d5 4. fxe5 Nxe4 5. Nf3 Be7 6. d3 Nxc3 7. bxc3 c5 8. Be2 O-O 9. O-O Nc6 10. d4 Be6 11. Qe1 Kh8 12. Qg3 f6 13. Bf4 Rc8 14.
Rae1 cxd4 15. cxd4 Bf5 16. Bd3 Bxd3 17. cxd3 Nb4 18.
exf6 Bxf6 19. Ne5 Rc2 20. a3 Nc6 21. Qh3 Bxe5 22. dxe5 Qe7 23. Qg3 h6 24. Qg6 Qf7 25.
Qxf7 Rxf7 26. e6 Re7 27. Bd6 Re8 28. e7 Nxe7 29. Rxe7 Rxe7 30. Bxe7 Rc7 31. Bd6 Rd7 32.
Be5 Kh7 33. d4 Kg6 34. Rc1 b5 35. Rc7 Rxc7 36. Bxc7 Kf5 37. Be5 Ke4 38. Bxg7 a5 39. Kf2 Kd3 40. Bxh6 Kxd4 41. Bd2 b4 42. axb4 a4 43.
Bc1 Kc4 44. h4 Kxb4 45. h5 d4 46. h6 1-0

[Event "*** Titled Tuesday Blitz"]
[Site "Chess.com"]
[Date "2020.03.03"]
[Round "5"]
[White "PawnEatingZombie"]
[Black "yoolund"]
[Result "0-1"]
[WhiteElo "2215"]
[BlackElo "2545"]
[TimeControl "180+1"]
[EndTime "13:52:30 PST"]
[Termination "yoolund won on time"]

1. d4 Nf6 2. c4 g6 3. Nc3 Bg7 4. e4 O-O 5. Be2 d6 6. Be3 Nbd7 7. g4 e5 8. g5 Nh5 9. Bxh5 gxh5 10. d5 f5 11. gxf6 Nxf6 12. f3 h4 13. Qd2 Nh5 14.
O-O-O Kh8 15. Rf1 Nf4 16. Nge2 Bh6 17. Nxf4 Bxf4 18. Ne2 Bxe3 19. Qxe3 Bh3 20. Rfg1 Qf6 21. f4 Bd7 22. f5 Rg8 23. Rxg8+ Rxg8 24. Rg1 b6 25. Rxg8+ Kxg8 26. Kd2 Kf7 27. Ke1 Qg7 28. Kf2 Qg4 29. Qf3 Qg5 30. Qg2 Kf6 31. Qxg5+ Kxg5 32. Kf3 Be8 33. Ng1 Bh5+ 34. Ke3 Kg4 35. b4 h6 36. a4 a6 37. a5 bxa5 38. bxa5 Be8 39.
Nf3 Kh3 0-1

[Event "*** Titled Tuesday Blitz"]
[Site "Chess.com"]
[Date "2020.03.03"]
[Round "5"]
[White "brutoman"]
[Black "MisiekZielony"]
[Result "0-1"]
[WhiteElo "1937"]
[BlackElo "2079"]
[TimeControl "180+1"]
[EndTime "13:52:30 PST"]
[Termination "MisiekZielony won on time"]

1. e4 Nf6 2. e5 Nd5 3. d4 d6 4. Bc4 e6 5. Qe2 Nb6 6. Bb3 Be7 7. c3 a5 8. Nf3 a4 9. Bc2 Bd7 10. O-O Bc6 11. Nbd2 N8d7 12. Ne4 h6 13. Ng3 g6 14.
Re1 Bd5 15. Ne4 Bxe4 16. Qxe4 d5 17. Qf4 c5 18. h4 Nc4 19. Rb1 a3 20. b3 Nb2 21.
Be3 b6 22. Rbc1 Rc8 23. Qg4 h5 24. Qh3 Kf8 25. Ng5 Kg7 26. Bd2 Nf8 27. Re3 cxd4 28. cxd4 Bxg5 29. hxg5 Qxg5 30. Re2 Qg4 31. Qxg4 hxg4 32.
Bb4 Nd7 33. Rce1 Nb8 34. Bxa3 g3 0-1

[Event "*** Titled Tuesday Blitz"]
[Site "Chess.com"]
[Date "2020.03.03"]
[Round "5"]
[White "Rsnr"]
[Black "GMsKoRPioN"]
[Result "1-0"]
[WhiteElo "2799"]
[BlackElo "2513"]
[TimeControl "180+1"]
[EndTime "13:52:31 PST"]
[Termination "Rsnr won by resignation"]

1. d4 d6 2. Nf3 g6 3. c4 Bg7 4.
Nc3 Nf6 5. g3 O-O 6. Bg2 Nc6 7.
O-O e5 8. dxe5 Nxe5 9. Nxe5 dxe5 10. Qxd8 Rxd8 11. Bg5 Rd4 12. b3 c6 13. Na4 h6 14. Be3 Rd8 15. Rad1 Bg4 16. f3 Bf5 17. g4 Be6 18. Nc5 Rxd1 19. Rxd1 Rb8 20. Nxe6 fxe6 21. h4 b5 22. g5 hxg5 23. hxg5 Nh5 24. Bh3 Re8 25.
Rd6 Kf7 26. Rxc6 bxc4 27. Rxc4 Re7 28. Ra4 Nf4 29. Bxf4 exf4 30. Rxf4+ Ke8 31. Ra4 Bc3 32. Ra6 Kf7 33. e3 e5 34. Bf1 e4 35. Bc4+ Kg7 36.
f4 Bb4 37. Kf2 Bc5 38. Rc6 Bb6 39. Ke2 Kf8 40. Rxg6 Rh7 41. Rh6 Rd7 42. Rh8+ Kg7 43. Rg8+ Kh7 44. g6+ Kh6 45. f5 Ba5 46. f6 Rd2+ 47.
Kf1 Rd6 48. f7 Rf6+ 49. Ke2 Bb4 50. g7 a5 51. f8=Q Bxf8 52. gxf8=Q+ Rxf8 53. Rxf8 a4 54. Rg8 1-0

[Event "*** Titled Tuesday Blitz"]
[Site "Chess.com"]
[Date "2020.03.03"]
[Round "5"]
[White "Imre91"]
[Black "Noam_Vitenberg"]
[Result "1-0"]
[WhiteElo "2746"]
[BlackElo "2462"]
[TimeControl "180+1"]
[EndTime "13:52:33 PST"]
[Termination "Imre91 won by checkmate"]

1. d4 Nf6 2. Nf3 e6 3. Bf4 c5 4. e3 h6 5. c3 Nh5 6. Bg3 Nxg3 7. hxg3 d5 8. Nbd2 Nd7 9. Bd3 Be7 10. Qe2 O-O 11. O-O c4 12. Bc2 b5 13. a3 a5 14.
e4 Bb7 15. Rfe1 Rb8 16. Nf1 dxe4 17. Bxe4 Bxe4 18. Qxe4 Qc7 19. Rad1 Nf6 20. Qe2 b4 21. axb4 axb4 22. Ne3 bxc3 23. bxc3 Rb3 24. Rc1 Ne4 25. Nxc4 Rxc3 26. Qxe4 Rxc4 27. Rxc4 Qxc4 28. d5 Qxe4 29. Rxe4 Rb8 30. dxe6 Rb1+ 31. Kh2 fxe6 32. Rxe6 Bc5 33. g4 Bxf2 34. g5 hxg5 35. Nxg5 Kf8 36. Re4 Bg1+ 37. Kh3 Rb3+ 38. Kg4 Be3 39. Nf3 Bc5 40. Ne5 Bd6 41. Nc4 Be7 42. Re2 Bf6 43. Nd6 Rb8 44. Kf5 Ra8 45.
Kg6 Be7 46. Nf5 Ra6+ 47. Kh7 Bf6 48. g4 Ra8 49. Re6 Re8 50. Rc6 Kf7 51. Nd6+ Kf8 52.
Nxe8 Kxe8 53. Kg6 Ba1 54. Kf5 Kf7 55. Rc7+ Kg8 56. g5 Kf8 57. Ke6 Bb2 58. Rc8# 1-0

[Event "*** Titled Tuesday Blitz"]
[Site "Chess.com"]
[Date "2020.03.03"]
[Round "5"]
[White "FelixJoseYnojosa"]
[Black "LucaBrasi1968"]
[Result "0-1"]
[WhiteElo "2669"]
[BlackElo "2493"]
[TimeControl "180+1"]
[EndTime "13:52:33 PST"]
[Termination "LucaBrasi1968 won by resignation"]

1. c4 e6 2. Nc3 f5 3. d4 Nf6 4. g3 d5 5. Bg2 c6 6. Nf3 Bd6 7. Ne5 O-O 8. c5 Bxe5 9. dxe5 Nfd7 10. Qd4 Qe7 11. Be3 b6 12. cxb6 axb6 13. O-O Bb7 14. Bf4 c5 15. Qd2 h6 16. h4 Nc6 17. Nb5 Ncxe5 18.
b3 Nf7 19. Qc2 e5 20. Bd2 e4 21. e3 Nde5 22. Bc3 Ba6 23. a4 Bxb5 24. axb5 Nd3 25. Rad1 Rad8 26. Rxd3 exd3 27. Qxd3 d4 28. exd4 cxd4 29.
Re1 dxc3 30. Qxc3 Qd6 31. Rf1 f4 32. Be4 fxg3 33. fxg3 Qd4+ 34. Qxd4 Rxd4 35. Bg2 Ne5 36. Ra1 Nf3+ 37. Kh1 Rd2 38. Rf1 Rd3 39. b4 g5 40.
hxg5 hxg5 41. g4 Kg7 42. Ra1 Rh8+ 43. Bh3 Rxh3+ 44. Kg2 Nh4+ 45. Kf2 Rdf3+ 46. Kg1 Rhg3+ 47. Kh1 Rh3+ 48. Kg1 Rb3 49. Ra7+ Kf6 50. Ra8 Rxb4 51. Rf8+ Ke5 52. Rg8 Rxg4+ 53. Kf2 Rf3+ 54. Ke2 Rg2+ 55.
Ke1 Ra3 56. Re8+ Kf6 57. Rf8+ Kg7 58. Ra8 Rxa8 0-1

[Event "*** Titled Tuesday Blitz"]
[Site "Chess.com"]
[Date "2020.03.03"]
[Round "5"]
[White "NoGalloNoParty"]
[Black "GameOverBro"]
[Result "1/2-1/2"]
[WhiteElo "2299"]
[BlackElo "2574"]
[TimeControl "180+1"]
[EndTime "13:52:33 PST"]
[Termination "Game drawn by repetition"]

1. d4 d6 2. Nf3 Nf6 3. c4 Nbd7 4. g3 e5 5. Nc3 Be7 6. Bg2 O-O 7. O-O c6 8. Qc2 a6 9. Rd1 Qc7 10. h3 Re8 11. a4 a5 12. b3 exd4 13. Nxd4 Nc5 14. Bf4 Bf8 15. g4 Nfd7 16. Rd2 Ne5 17. Rad1 g6 18.
Ne4 Nxe4 19. Bxe4 Bd7 20. Nf3 Rad8 21. Qc3 Bg7 22. Nxe5 dxe5 23. Bg5 f6 24. Bh4 Be6 25. Bg2 Kf7 26. e3 Rxd2 27. Qxd2 Bf8 28. Qe2 Be7 29. Bg3 Rd8 30. h4 Rxd1+ 31. Qxd1 Qb6 32. h5 Qc5 33.
Be4 f5 34. hxg6+ hxg6 35. gxf5 Bxf5 36. Bxf5 gxf5 37. Qh5+ Ke6 38. Qg6+ Bf6 39. Qg8+ Ke7 40. Qh7+ Ke6 41. Qxb7 Qd6 42. Qc8+ Qd7 43. Qxd7+ Kxd7 44. f3 Kd6 45. Be1 e4 46. fxe4 fxe4 47. Bxa5 Kc5 48.
Kf2 Bh4+ 49. Ke2 Kd6 50. Bc3 c5 51. b4 cxb4 52. Bxb4+ Kc6 53. a5 Bg5 54. Kd2 Bh6 55. Ke2 Bg5 56. Kf2 Bh6 57. Ke2 Bg5 1/2-1/2

[Event "*** Titled Tuesday Blitz"]
[Site "Chess.com"]
[Date "2020.03.03"]
[Round "5"]
[White "GadimbayliA"]
[Black "SantoBlue"]
[Result "0-1"]
[WhiteElo "2899"]
[BlackElo "2788"]
[TimeControl "180+1"]
[EndTime "13:52:34 PST"]
[Termination "SantoBlue won on time"]

1. e4 e5 2. Nf3 d6 3. d4 Nd7 4.
Nc3 Ngf6 5. Bc4 Be7 6. O-O O-O 7. a4 h6 8. dxe5 dxe5 9. Qe2 c6 10. Rd1 Qc7 11. h3 a5 12. Be3 Nc5 13. Bxc5 Bxc5 14. Na2 Nh5 15. Nc1 Nf4 16. Qf1 b5 17. axb5 cxb5 18.
Bxb5 Rb8 19. Kh1 Qb6 20. Bc4 Bxf2 21. Nxe5 Nh5 22. Ne2 Rb7 23. Bd5 Rc7 24. Nc4 Qf6 25. Rd3 Bh4 26. Rf3 Qe7 27. e5 Ba6 28. b3 Rc5 29. Rd1 Bxc4 30. bxc4 Qxe5 31. Rf5 Qxe2 32. Bxf7+ Rxf7 33. Qxe2 Ng3+ 34. Kh2 Nxe2 35. Rxc5 Bg3+ 36. Kh1 a4 37. Ra5 Nc3 38. Ra1 Rc7 39. c5 Rc6 40. Ra3 Re6 41. Ra1 Re5 42. Ra8+ Kh7 43. Rd8 Rxc5 44. Rd3 Ne4 45. Rxa4 Nf2+ 0-1

[Event "*** Titled Tuesday Blitz"]
[Site "Chess.com"]
[Date "2020.03.03"]
[Round "5"]
[White "AndreyNeves"]
[Black "aquaticpineapples"]
[Result "0-1"]
[WhiteElo "2189"]
[BlackElo "2255"]
[TimeControl "180+1"]
[EndTime "13:52:35 PST"]
[Termination "aquaticpineapples won by resignation"]

1. d4 d5 2. c4 e6 3. Nc3 Nf6 4. cxd5 exd5 5. Bg5 Be7 6. e3 O-O 7. Bd3 a5 8. Qc2 h6 9. Bh4 Na6 10. a3 c5 11. Nf3 c4 12. Be2 Rb8 13. Ne5 Be6 14. O-O Qc8 15. f4 b5 16. Bxf6 Bxf6 17. e4 dxe4 18. Nxe4 Be7 19. g4 Bd5 20. Bf3 Qb7 21.
Rae1 Bh4 22. Re2 b4 23. f5 bxa3 24. bxa3 Rfd8 25. Rd1 Qb3 26. Qd2 Qxa3 27. Qf4 Bxe4 28. Qxe4 c3 29. Nc6 Qb3 30. Rf1 Nb4 31. Nxd8 Rxd8 32. Qb1 Qc4 33. Re4 Rxd4 34. Rxd4 Qxd4+ 35. Kg2 c2 36. Qc1 Bg5 37. Qe1 c1=Q 38. Qxc1 Bxc1 39.
Rxc1 Qd2+ 40. Kg3 Qxc1 41. f6 a4 0-1

[Event "*** Titled Tuesday Blitz"]
[Site "Chess.com"]
[Date "2020.03.03"]
[Round "5"]
[White "Arystanner"]
[Black "SoltaniciR"]
[Result "0-1"]
[WhiteElo "2708"]
[BlackElo "2517"]
[TimeControl "180+1"]
[EndTime "13:52:38 PST"]
[Termination "SoltaniciR won by checkmate"]

1. e4 c5 2. Nf3 d6 3. d4 cxd4 4.
Nxd4 Nf6 5. Nc3 a6 6. h3 e6 7. g4 h6 8. Bg2 Nc6 9. Be3 Ne5 10. Qe2 g5 11. O-O-O Bd7 12. f4 gxf4 13. Bxf4 Rc8 14. Kb1 Rxc3 15. bxc3 Qc7 16. Nb3 Be7 17. Rhf1 b5 18.
Bxe5 dxe5 19. Qd2 Bc6 20. Qe2 a5 21. h4 Rg8 22. Bf3 a4 23. Nc1 Nd7 24. g5 hxg5 25. h5 Nf6 26. h6 Rh8 27. Rh1 g4 28. Bg2 Qb7 29. Rde1 b4 30. c4 Rh7 31. Nd3 b3 32.
cxb3 axb3 33. Nxe5 bxa2+ 34. Ka1 Bc5 35. Nxc6 Qxc6 36.
Rd1 e5 37. Qxa2 Ke7 38. Qa5 Rh8 39. Kb1 Rb8+ 40. Kc2 Bd4 41. Qa3+ Ke6 42. Bf1 Rb2+ 43. Kc1 Qxe4 44. Rxd4 Qb1# 0-1

[Event "*** Titled Tuesday Blitz"]
[Site "Chess.com"]
[Date "2020.03.03"]
[Round "5"]
[White "temus_galaktionov"]
[Black "ama18"]
[Result "1-0"]
[WhiteElo "2744"]
[BlackElo "2514"]
[TimeControl "180+1"]
[EndTime "13:52:40 PST"]
[Termination "temus_galaktionov won on time"]

1. d4 Nf6 2. Nf3 e6 3. c4 a6 4.
Nc3 d5 5. cxd5 exd5 6. Bg5 Be6 7. e3 Nbd7 8. Bd3 c6 9. O-O Bd6 10. h3 Qc7 11. Qd2 O-O 12. Rfc1 Rac8 13. Bf4 Rfe8 14.
b4 Qb8 15. Na4 Ne4 16. Bxe4 dxe4 17. Bxd6 Qxd6 18. Nh2 Bd5 19. Nc5 Rb8 20. a4 Nf6 21. Rab1 Rec8 22. Nf1 Nh5 23. b5 cxb5 24. axb5 axb5 25.
Rxb5 Nf6 26. Ng3 b6 27. Na6 Ra8 28. Nb4 Bc4 29. Nf5 Qd7 30. Re5 Be6 31. Ng3 Rxc1+ 32. Qxc1 Rc8 33. Qd2 Qa4 34. Nxe4 Nd7 35. Rg5 h6 36.
Rg3 Rc4 37. Nd3 Rc2 38. Qd1 Qc4 39. Kh2 Bd5 40. Nd6 Qc3 41. Qg4 g6 42. Qxd7 Qxd3 43. Qe8+ Kg7 44. Qe5+ Kh7 45. Qxd5 Rxf2 46. Rf3 1-0

[Event "*** Titled Tuesday Blitz"]
[Site "Chess.com"]
[Date "2020.03.03"]
[Round "5"]
[White "VladDobrov"]
[Black "Abdimalik_Abdisalimov"]
[Result "0-1"]
[WhiteElo "2945"]
[BlackElo "2854"]
[TimeControl "180+1"]
[EndTime "13:52:42 PST"]
[Termination "Abdimalik_Abdisalimov won on time"]

1. d4 Nf6 2. c4 d6 3. Nf3 Nc6 4. Nc3 e5 5. e3 g6 6. Be2 Bg7 7. O-O O-O 8. h3 Re8 9. d5 Nb8 10. b4 a5 11. bxa5 Rxa5 12. a4 Nfd7 13. Nd2 Ra8 14. e4 Bh6 15. Nb3 Bxc1 16. Qxc1 Na6 17. Qe3 Nac5 18. Nxc5 Nxc5 19. a5 Qh4 20. Na4 Rxa5 21.
Nxc5 Rxc5 22. Ra8 Bd7 23. Rfa1 Kg7 24. R1a7 b6 25. Rxe8 Bxe8 26. Bf1 Qf4 27. Qe1 b5 28. Ra8 bxc4 29. g3 Qf3 30. Rxe8 c3 31. Bg2 Qd3 32. Ra8 c2 33. Ra1 Qb3 34. Rc1 Rc3 35. Qd2 Qc4 36. Bf1 Qb3 37. Kh2 Qb2 38. h4 h5 39. Kg2 Qb3 40.
Bb5 Qb2 41. Ba4 Qb4 42. Bxc2 Rxg3+ 0-1

[Event "*** Titled Tuesday Blitz"]
[Site "Chess.com"]
[Date "2020.03.03"]
[Round "5"]
[White "GM_dmitrij"]
[Black "AntonSmirnov"]
[Result "0-1"]
[WhiteElo "2828"]
[BlackElo "2941"]
[TimeControl "180+1"]
[EndTime "13:52:43 PST"]
[Termination "AntonSmirnov won on time"]

1. e4 e6 2. d4 d5 3. Nd2 dxe4 4.
Nxe4 Nd7 5. Nf3 Ngf6 6. Nxf6+ Nxf6 7. g3 b6 8. Bb5+ Bd7 9. a4 a6 10. Be2 Bc6 11. O-O Be7 12. Ne5 Bb7 13. a5 b5 14. c4 bxc4 15. Qa4+ Kf8 16. Be3 h5 17. h4 Ng4 18. Bxc4 Bd6 19. Rad1 Kg8 20. Qb3 Qc8 21. Bf4 Rb8 22. Qc3 Ba8 23. f3 Nf6 24.
Bc1 Nd5 25. Qd3 Nb4 26. Qe2 c5 27. Rfe1 Bd5 28. Bxd5 Nxd5 29. dxc5 Qxc5+ 30. Kg2 Bxe5 31. Qxe5 Rc8 32. Bd2 Qb5 33. Rc1 Re8 34. b4 f6 35.
Qe4 Kf7 36. Rc5 Qd7 37. b5 axb5 38. a6 Ra8 39. Ra1 Rhc8 40. Qd4 Rxc5 41. Qxc5 Nc7 42.
Ba5 Rxa6 43. Ra2 Nd5 0-1